AoeStats
← Pixu

Nomad

509008291Analyzed
4v4 RM · 7d ago on Sep 25, 2026· 61m 38s· 8 players
Game mode
Random Map
Map size
231×231
Population
200
Speed
Normal
Resources
Standard
Victory
Conquest
Starting age
Dark Age
Ending age
Imperial Age
RankedLock teamsTeams togetherTeam positionsShared explorationLock speedFull tech treeHidden civsTurbo modeCheats
Victory
Defeat
🇨🇦 Varangians · Canada
1086
+13
🇨🇴 Teutons · Colombia
1077
+13
🇨🇴 Khmer · Colombia
1055
+14
🇲🇽 Vietnamese · Mexico
1051
+44
🇨🇱 Lithuanians · Chile
1045
-14
🇵🇱 Varangians · Poland
1030
-14
🇨🇱 Koreans · Chile
1014
-14
🇨🇱 Spanish · Chile
991
-13
Garcia Luna
3:06 Loom
13:27 Feudal Age
18:26 Castle Age
16:46 Double-Bit Axe
22:35 Wheelbarrow
22:45 Town Watch
28:25 Bow Saw
28:00 Horse Collar
29:43 Hand Cart
30:09 Gold Mining
31:48 Fletching
34:46 Imperial Age
32:52 Heavy Plow
33:29 Scale Barding Armor
33:53 Treadmill Crane
34:55 Husbandry
35:18 Chain Barding Armor
35:01 Chatras
35:46 Bloodlines
37:01 Two-Man Saw
36:34 Crop Rotation
36:44 Paper Money
36:27 Elite Battle Elephant
38:15 Plate Barding Armor
37:54 Forging
38:03 Devotion
40:23 Iron Casting
43:02 Faith
43:10 Stone Mining
45:22 Light Cavalry
49:40 Stone Shaft Mining
51:05 Siege Engineers
52:04 Chemistry
51:30 Ballistics
55:51 Bodkin Arrow
tboss
5:21 Loom
20:21 Feudal Age
20:55 Double-Bit Axe
20:57 Fishing Lines
24:21 Castle Age
25:36 Bow Saw
25:36 Gillnets
26:01 Town Watch
27:35 Wheelbarrow
28:36 Fletching
30:40 Hand Cart
30:43 Bodkin Arrow
31:12 Vendel Legacy
32:11 Murder Holes
32:25 Scale Barding Armor
32:35 Bloodlines
35:16 Ballistics
35:29 Horse Collar
36:16 Chain Barding Armor
36:36 Husbandry
38:21 Heavy Plow
41:58 Imperial Age
39:50 Forging
40:45 Town Patrol
42:32 Gold Mining
42:29 Cavalier
43:46 Plate Barding Armor
43:46 Iron Casting
43:40 Conscription
44:20 Bracer
45:28 Chemistry
46:59 Blast Furnace
53:07 Masonry
53:11 Siege Engineers
55:43 Architecture
LordSakayO
6:54 Loom
18:07 Feudal Age
21:38 Castle Age
19:46 Fishing Lines
20:29 Double-Bit Axe
23:45 Gillnets
24:31 Bow Saw
28:09 Horse Collar
32:31 Wheelbarrow
31:48 Gold Mining
33:48 Pikeman
35:21 Heavy Plow
40:26 Imperial Age
38:12 Hand Cart
38:46 Forging
38:38 Scale Mail Armor
38:44 Scale Barding Armor
40:36 Ballistics
40:26 Masonry
44:06 Conscription
44:55 Gold Shaft Mining
45:50 Husbandry
46:01 Bloodlines
46:40 Light Cavalry
55:53 Double Crossbow
55:54 Tusk Swords
55:15 Elite Ballista Elephant
56:04 Elite Battle Elephant
56:05 Hussar
58:38 Iron Casting
58:24 Chain Barding Armor
58:00 Fletching
60:05 Crop Rotation
mikele
5:44 Loom
15:09 Feudal Age
21:32 Castle Age
19:23 Double-Bit Axe
20:21 Stone Mining
23:21 Horse Collar
24:39 Arson
24:58 Scale Mail Armor
26:53 Fletching
32:39 Bodkin Arrow
39:01 Heavy Plow
39:37 Gold Mining
47:09 Padded Archer Armor
47:49 Chain Mail Armor
47:44 Forging
53:04 Wheelbarrow
52:15 Town Watch
56:56 Imperial Age
56:41 Elite Skirmisher
58:25 Capped Ram
Obsessive
9:14 Loom
16:17 Feudal Age
19:54 Scale Barding Armor
22:04 Forging
LCsLA Skoll
12:00 Feudal Age
12:00 Loom
18:57 Castle Age
16:58 Double-Bit Axe
18:42 Gold Mining
22:17 Forging
23:46 Husbandry
23:58 Bloodlines
31:00 Horse Collar
31:32 Bow Saw
34:52 Imperial Age
32:45 Scale Barding Armor
33:16 Iron Casting
35:01 Chain Barding Armor
36:43 Two-Man Saw
35:45 Heavy Plow
36:14 Cavalier
38:35 Plate Barding Armor
39:24 Wheelbarrow
41:26 Chemistry
41:01 Paladin
44:45 Hand Cart
44:15 Town Watch
44:42 Fletching
Pixu
5:38 Loom
16:27 Feudal Age
17:09 Double-Bit Axe
25:03 Castle Age
25:36 Wheelbarrow
26:52 Bow Saw
26:24 Horse Collar
27:43 Stone Mining
27:44 Gold Mining
29:52 Light Cavalry
30:43 Bloodlines
30:33 Husbandry
33:36 Stone Shaft Mining
33:13 Fletching
33:24 Padded Archer Armor
33:30 Scale Barding Armor
36:08 Thumb Ring
38:39 Bloodlines
38:54 Ballistics
40:43 Leather Archer Armor
40:23 Bodkin Arrow
40:38 Forging
40:49 Chain Barding Armor
42:06 Hand Cart
LavMani
8:29 Loom
15:47 Feudal Age
20:06 Castle Age
18:02 Stone Mining
19:08 Double-Bit Axe
19:14 Gold Mining
23:51 Horse Collar
24:56 Medium Warships
24:41 Fletching
27:40 Gold Shaft Mining
33:00 Wheelbarrow
33:41 Heavy Plow
36:41 Imperial Age
34:53 Bodkin Arrow
38:57 Bracer
39:34 Conscription
39:02 Fishing Lines
39:42 Elite War Wagon
41:27 Chemistry
41:10 Ballistics
41:13 Murder Holes
44:41 Stone Shaft Mining
48:59 Arrowslits
48:56 Treadmill Crane
62:00 Heated Shot
Connection lost

Rejoining the realm…

Still unreachable

The connection could not be restored.

Session expired

The server has moved on; the page needs a fresh start.